 Dungeon Crawl Stone Soup version 0.28-a0-1568-g77cbbf62ba (console) character file.

Game seed: 5591323084301648349

326 Banquo the Magician (level 6, -1/46 HPs)
             Began as a Djinni Cinder Acolyte on Jan 20, 2022.
             Was a High Priest of Ignis.
             Slain by Eustachio (8 damage)
             ... on level 4 of the Dungeon.
             The game lasted 00:07:49 (3363 turns).

Banquo the Magician (Djinni Cinder Acolyte)         Turns: 3363, Time: 00:07:50

Health: -1/46      AC:  2    Str: 13    XL:     6   Next: 79%
Gold:   205        EV: 11    Int: 17    God:    Ignis [*****.] SH:  0 Dex:  9

rFire   + + +      SeeInvis .   a - -1 short sword (flame)
rCold   x . .      Faith    .   (no shield)
rNeg    . . .      Spirit   .   b - +0 robe
rPois   ∞          Reflect  .   (no helmet)
rElec   .          Harm     .   (no cloak)
rCorr   .          Rampage  .   (no gloves)
Will    .....                   (boots unavailable)
Stlth   +.........              (no amulet)
HPRegen 0.15/turn               (no ring)
MPRegen 0.00/turn               (no ring)

@: flying
A: sickness immunity, fire resistance 2, cold vulnerability 1, float, innate
caster, hp casting, extra vitality 1
a: Renounce Religion, Fiery Armour, Foxfire Swarm, Rising Flame


You were on level 4 of the Dungeon.
You worshipped Ignis.
Ignis was extremely pleased with you.
You visited 1 branch of the dungeon, and saw 4 of its levels.

You collected 205 gold pieces.

Inventory:

Hand Weapons
 a - a -1 short sword of flaming (weapon)
 n - a +1 dagger of venom
Missiles
 f - 61 stones
 j - 5 poisoned darts
Armour
 b - a +0 robe (worn)
Scrolls
 e - 2 scrolls of identify {unknown}
 g - a scroll of vulnerability {unknown}
 k - a scroll of immolation {unknown}
 m - a scroll of magic mapping {unknown}
 o - a scroll of teleportation {unknown}
Potions
 c - 2 potions of invisibility {unknown}
 d - 2 potions of flight {unknown}
 h - 3 potions of might {unknown}
 i - 2 potions of curing {unknown}
 l - a potion of lignification {unknown}


   Skills:
 * Level 3.4 Fighting
 - Level 2.6 Short Blades
 * Level 1.5 Dodging
 + Level 5.1 Spellcasting


You had 10 spell levels left.
You knew the following spells:

 Your Spells              Type           Power      Damage    Failure   Level
a - Scorch                Fire           42%        2d7       2%          2
b - Beastly Appendage     Tmut           42%        N/A       1%          1
i - Call Imp              Summ           21%        N/A       2%          2
Your spell library was empty.

Dungeon Overview and Level Annotations

Branches:
Dungeon (4/15)
 Temple: D:4-7

Altars:

Annotations:
D:4 Eustachio, Robin


Innate Abilities, Weirdness & Mutations

You are immune to sickness and miasma.
You are immune to poison.
Your flesh is very heat resistant. (rF++)
You are vulnerable to cold. (rC-)
You float through the air rather than walking.
You learn spells naturally, not from books.
Your magical power is your life essence.
You have superior vitality. (+4 MHP)


Message History

Eustachio is moderately wounded.
Casting: Scorch (safe; 2% risk of failure)
Press: ? - help, Q - select action, (/) - cycle Dir - look around, f - activate Flames lash Eustachio.
Eustachio is moderately wounded.
Eustachio hits you with a +0 rapier.
Casting: Scorch (safe; 2% risk of failure)
Press: ? - help, Q - select action, (/) - cycle Dir - look around, f - activate Flames lash Eustachio.
Eustachio is heavily wounded.
Eustachio gestures wildly while chanting.
Eustachio blinks!
Your magical contamination has completely faded away.
Casting: Scorch (safe; 2% risk of failure)
Press: ? - help, Q - select action, (/) - cycle Dir - look around, f - activate Flames lash Eustachio.
Eustachio is severely wounded.
Eustachio hits you with a +0 rapier.
Casting: Scorch (safe; 2% risk of failure)
Press: ? - help, Q - select action, (/) - cycle Dir - look around, f - activate Flames lash Eustachio.
Eustachio is almost dead.
* * * LOW HITPOINT WARNING * * *
You hear the hiss of an avalanche of sand very nearby.
Eustachio mumbles some strange words.
Casting: Scorch (safe; 2% risk of failure)
Press: ? - help, Q - select action, (/) - cycle Dir - look around, f - activate Flames lash Eustachio.
Eustachio is almost dead.
* * * LOW HITPOINT WARNING * * *
Eustachio hits you with a +0 rapier.
* * * LOW HITPOINT WARNING * * *
Casting: Scorch (safe; 2% risk of failure)
Press: ? - help, Q - select action, (/) - cycle Dir - look around, f - activate Flames lash the white imp.
The white imp is burned terribly!
You kill the white imp!
The white imp disappears in a puff of smoke!
* * * LOW HITPOINT WARNING * * *
Eustachio hits you with a +0 rapier!
You die...

#....#.....# ..
#....#.....#
#....#[....#
##...#.....#
##...#.....#
#....# #....#
###..######
##...♣@8.♣.8.
#...§@........
#....8.♣.8.♣.♣
#...########
#.....##..##...
#..............
##....##..@....
###### ..##...
..# @


You could see Eustachio (empowered, combustible).

Vanquished Creatures
  Grinder (D:4)
  An orc wizard (D:2)
  5 adders
  4 dart slugs
  2 orcs (D:2)
  4 ball pythons
  2 bats
  8 endoplasms
  3 giant cockroaches
  2 goblins
  4 hobgoblins
  5 jackals
  5 quokkas
  3 frilled lizards
  3 kobolds
  4 rats
56 creatures vanquished.

Notes
Turn   | Place    | Note
-------+----------+-------------------------------------------
     0 | D:1      | Banquo the Djinni Cinder Acolyte began the quest for the
                  | Orb.
     0 | D:1      | Reached XP level 1. HP: 20/20 MP: 0/0
   275 | D:1      | Reached XP level 2. HP: 25/25 MP: 0/0
   609 | D:1      | Reached skill level 3 in Spellcasting
   887 | D:1      | Reached XP level 3. HP: 28/30 MP: 0/0
   887 | D:1      | Learned a level 1 spell: Beastly Appendage
  1135 | D:2      | Reached XP level 4. HP: 17/35 MP: 0/0
  2061 | D:2      | Reached skill level 4 in Spellcasting
  2077 | D:2      | Reached XP level 5. HP: 14/40 MP: 0/0
  2077 | D:2      | Learned a level 2 spell: Call Imp
  3063 | D:3      | Found a faded altar of an unknown god.
  3211 | D:4      | Noticed Robin
  3317 | D:4      | Noticed Grinder
  3322 | D:4      | Killed Grinder
  3323 | D:4      | Reached skill level 1 in Dodging
  3323 | D:4      | Reached skill level 5 in Spellcasting
  3323 | D:4      | Reached XP level 6. HP: 40/46 MP: 0/0
  3332 | D:4      | Noticed Eustachio
  3363 | D:4      | Slain by Eustachio

Illustrated notes

Levels and vault maps discovered:
D:1:      minmay_arrival_solitary_statue, layout_loops_ring,
          chequers_serial_rivers_small_a
D:2:      layout_basic
D:3:      layout_basic, shapermc_ecumenical_altar_notcrosses
D:4:      layout_gridville, nicolae_ossuary_entry_monument, chequers_avenue,
          uniq_grinder, uniq_robin, uniq_eustachio

Skill      XL: |  1  2  3  4  5 |
---------------+----------------+-----
Spellcasting   | 3 4 5 |  5.1
Dodging        | 1 |  1.5
Fighting       | |  3.4
Short Blades   | |  2.6

Action                   |  1- 3 |  4- 6 || total
-------------------------+-------+-------++-------
Melee: Short sword       |    10 |     2 ||    12
 Cast: Scorch            |    23 |    64 ||    87
Armor: Robe              |     1 |     1 ||     2
Dodge: Dodged            |     5 |     5 ||    10

Table legend: (Time is in decaauts)
 A = Elapsed time spent in this place.
 B = Non-inter-level travel time spent in this place.
 C = Inter-level travel time spent in this place.
 D = Time resting spent in this place.
 E = Time spent auto-exploring this place.
 F = Levels seen in this place.
 G = Mean time per level.
                   A        B        C        D        E       F      G
               +--------+--------+--------+--------+--------+-----+--------+
         Total |   3365 |   3170 |    195 |    396 |   2301 |   4 |  841.2 |
       Dungeon |   3365 |   3170 |    195 |    396 |   2301 |   4 |  841.2 |
               +--------+--------+--------+--------+--------+-----+--------+

Top non-repeatable levels by time:
     D:2: 1386 daAuts
     D:1: 1098 daAuts
     D:3: 745 daAuts
     D:4: 135 daAuts
